TOP OF THE 1ST |
Valley Blue Sox batting - Pitching for Walla Walla Walleye : RHP Ricky Parker
|
Pitching: RHP Ricky Parker
|
|
Batting: RHB Grady Harris
|
0-0: Ball 1-0: Foul Ball, location: 2F 1-1: Bunt for hit - play at first, batter safe!
|
Batting: RHB Dallas Jiménez
|
0-0: Ball 1-0: Swinging Strike 1-1: Ball Grady Harris is caught stealing 2nd base 2-1: Fly out, F5 (Flyball, 56D)
|
Batting: RHB Richard Trevithick
|
0-0: Ball 1-0: Fly out, F7 (Flyball, 7S)
|
Top of the 1st over - 0 runs, 1 hit, 0 errors, 0 left on base; Valley 0 - Walla Walla 0 |
BOTTOM OF THE 1ST |
Walla Walla Walleye batting - Pitching for Valley Blue Sox : LHP Gao Mar
|
Pitching: LHP Gao Mar
|
|
Batting: RHB Javier Vázquez
|
0-0: Ball 1-0: SINGLE (Groundball, 56D)
|
Batting: RHB William Morgan
|
0-0: Ball 1-0: Ball 2-0: Called Strike 2-1: Swinging Strike 2-2: Strikes out swinging
|
Batting: RHB Germán Gracía
|
0-0: Ball 1-0: Grounds into double play, 5-4-3 (Groundball, 56)
|
Bottom of the 1st over - 0 runs, 1 hit, 0 errors, 0 left on base; Valley 0 - Walla Walla 0 |
TOP OF THE 2ND |
Valley Blue Sox batting - Pitching for Walla Walla Walleye : RHP Ricky Parker
|
Batting: LHB Matt McClendon
|
0-0: Called Strike 0-1: Ball 1-1: DOUBLE (Line Drive, 78D)
|
Batting: SHB Donnie Magee
|
0-0: Ball 1-0: Swinging Strike 1-1: Foul Ball, location: 2F 1-2: Ball 2-2: Ball 3-2: Foul Ball, location: 2F 3-2: Base on Balls
|
Batting: LHB Walter Butler
|
0-0: Called Strike 0-1: DOUBLE (Line Drive, 7LM) Matt McClendon scores Donnie Magee to third Runner from 3rd tries for Home, SAFE, no throw
|
Batting: RHB Júlio Hernández
|
0-0: Called Strike 0-1: Foul Ball, location: 2F 0-2: Ball 1-2: Ball 2-2: Foul Ball, location: 2F 2-2: DOUBLE (Line Drive, 9LS) Walter Butler scores
|
Batting: RHB Jon Huband
|
0-0: Ball 1-0: Ball 2-0: Swinging Strike 2-1: Ball 3-1: Foul Ball, location: 2F 3-2: Fly out, F4 (Line Drive, 4)
|
Batting: RHB Jeff Fox
|
0-0: Ball 1-0: Hit by Pitch
|
Batting: RHB Grady Harris
|
0-0: Foul Ball, location: 2F 0-1: Ball 1-1: Ball 2-1: Fly out, F4 (Line Drive, 4)
|
Batting: RHB Dallas Jiménez
|
0-0: Called Strike 0-1: Foul Ball, location: 2F 0-2: Ball 1-2: Ball 2-2: Ball 3-2: Foul Ball, location: 2F 3-2: Fly out, F9 (Flyball, 9D)
|
Top of the 2nd over - 3 runs, 3 hits, 0 errors, 2 left on base; Valley 3 - Walla Walla 0 |
BOTTOM OF THE 2ND |
Walla Walla Walleye batting - Pitching for Valley Blue Sox : LHP Gao Mar
|
Batting: RHB Raúl Maradona
|
0-0: Called Strike 0-1: Called Strike 0-2: Ball 1-2: Ball 2-2: Fly out, F4 (Popup, 34S)
|
Batting: RHB Igme Samson
|
0-0: Called Strike 0-1: Foul Ball, location: 2F 0-2: Ball 1-2: Strikes out swinging
|
Batting: RHB Gustavo Ortíz
|
0-0: Ball 1-0: Called Strike 1-1: Ball 2-1: Foul Ball, location: 2F 2-2: Strikes out looking
|
Bottom of the 2nd over - 0 runs, 0 hits, 0 errors, 0 left on base; Valley 3 - Walla Walla 0 |
TOP OF THE 3RD |
Valley Blue Sox batting - Pitching for Walla Walla Walleye : RHP Ricky Parker
|
Batting: RHB Richard Trevithick
|
0-0: Fly out, F7 (Line Drive, 7)
|
Batting: LHB Matt McClendon
|
0-0: Fly out, F9 (Flyball, 9S)
|
Batting: SHB Donnie Magee
|
0-0: Ball 1-0: Fly out, F4 (Flyball, 34D)
|
Top of the 3rd over - 0 runs, 0 hits, 0 errors, 0 left on base; Valley 3 - Walla Walla 0 |
BOTTOM OF THE 3RD |
Walla Walla Walleye batting - Pitching for Valley Blue Sox : LHP Gao Mar
|
Batting: RHB William Harper
|
0-0: Swinging Strike 0-1: Ball 1-1: Ball 2-1: Fly out, F7 (Flyball, 7)
|
Batting: RHB Manny Moons
|
0-0: Swinging Strike 0-1: Ball 1-1: DOUBLE (Line Drive, 8LD)
|
Batting: RHB Enrique Torres
|
0-0: Called Strike Manny Moons is caught stealing 3rd base 0-1: Ball 1-1: Foul Ball, location: 2F 1-2: Strikes out swinging
|
Bottom of the 3rd over - 0 runs, 1 hit, 0 errors, 0 left on base; Valley 3 - Walla Walla 0 |
TOP OF THE 4TH |
Valley Blue Sox batting - Pitching for Walla Walla Walleye : RHP Ricky Parker
|
Batting: LHB Walter Butler
|
0-0: Called Strike 0-1: Called Strike 0-2: Ball 1-2: Foul Ball, location: 2F 1-2: Strikes out swinging
|
Batting: RHB Júlio Hernández
|
0-0: Called Strike 0-1: Foul Ball, location: 2F 0-2: Ball 1-2: Ground out 6-3 (Groundball, 56)
|
Batting: RHB Jon Huband
|
0-0: Hit by Pitch
|
Batting: RHB Jeff Fox
|
0-0: Ball Jon Huband steals 2nd base 1-0: Foul Ball, location: 2F 1-1: Swinging Strike 1-2: Ball 2-2: Foul Ball, location: 2F 2-2: Ball 3-2: Base on Balls
|
Batting: RHB Grady Harris
|
0-0: Called Strike 0-1: Ball 1-1: Fly out, F9 (Flyball, 9LS)
|
Top of the 4th over - 0 runs, 0 hits, 0 errors, 2 left on base; Valley 3 - Walla Walla 0 |
BOTTOM OF THE 4TH |
Walla Walla Walleye batting - Pitching for Valley Blue Sox : LHP Gao Mar
|
Batting: RHB Javier Vázquez
|
0-0: Ball 1-0: Ground out 5-3 (Groundball, 56S)
|
Batting: RHB William Morgan
|
0-0: Ball 1-0: Ball 2-0: Ball 3-0: Called Strike 3-1: Base on Balls
|
Batting: RHB Germán Gracía
|
0-0: Called Strike 0-1: Ball 1-1: Ball 2-1: Foul Ball, location: 2F 2-2: Foul Ball, location: 2F 2-2: Strikes out swinging
|
Batting: RHB Raúl Maradona
|
0-0: Ball 1-0: Foul Ball, location: 2F 1-1: Foul Ball, location: 2F 1-2: Ball William Morgan steals 2nd base 2-2: Fly out, F7 (Flyball, 78M)
|
Bottom of the 4th over - 0 runs, 0 hits, 0 errors, 1 left on base; Valley 3 - Walla Walla 0 |
TOP OF THE 5TH |
Valley Blue Sox batting - Pitching for Walla Walla Walleye : RHP Ricky Parker
|
Batting: RHB Dallas Jiménez
|
0-0: Called Strike 0-1: Ball 1-1: Ball 2-1: Called Strike 2-2: Strikes out swinging
|
Batting: RHB Richard Trevithick
|
0-0: Ball 1-0: SINGLE (Line Drive, 7LS)
|
Batting: LHB Matt McClendon
|
0-0: Called Strike 0-1: Foul Ball, location: 2F 0-2: Ball 1-2: Ball 2-2: Foul Ball, location: 2F 2-2: Ball 3-2: Base on Balls Richard Trevithick to second
|
Batting: SHB Donnie Magee
|
0-0: Ball 1-0: Called Strike 1-1: Called Strike 1-2: Strikes out swinging
|
Batting: LHB Walter Butler
|
0-0: Ball 1-0: Foul Ball, location: 2F 1-1: Ball 2-1: Ground out 1-3 (Groundball, 13)
|
Top of the 5th over - 0 runs, 1 hit, 0 errors, 2 left on base; Valley 3 - Walla Walla 0 |
BOTTOM OF THE 5TH |
Walla Walla Walleye batting - Pitching for Valley Blue Sox : LHP Gao Mar
|
Batting: RHB Igme Samson
|
0-0: Ball 1-0: Ball 2-0: Swinging Strike 2-1: Foul Ball, location: 2F 2-2: Strikes out swinging
|
Batting: RHB Gustavo Ortíz
|
0-0: Ball 1-0: Called Strike 1-1: Swinging Strike 1-2: Ball 2-2: Ground out U3 (Groundball, 34S)
|
Batting: RHB William Harper
|
0-0: Ball 1-0: Foul Ball, location: 2F 1-1: Ball 2-1: Fly out, F7 (Flyball, 7)
|
Bottom of the 5th over - 0 runs, 0 hits, 0 errors, 0 left on base; Valley 3 - Walla Walla 0 |
TOP OF THE 6TH |
Valley Blue Sox batting - Pitching for Walla Walla Walleye : RHP Ricky Parker
|
Batting: RHB Júlio Hernández
|
0-0: Ball 1-0: Foul Ball, location: 2F 1-1: Called Strike 1-2: Ball 2-2: Strikes out looking
|
Batting: RHB Jon Huband
|
0-0: Called Strike 0-1: Ball 1-1: Ball 2-1: Ball 3-1: Base on Balls
|
Pitching: RHP Pepe Pereira
|
|
Batting: RHB Jeff Fox
|
0-0: Ball 1-0: Ball 2-0: Swinging Strike 2-1: Foul Ball, location: 2F 2-2: Strikes out swinging
|
Batting: RHB Grady Harris
|
0-0: Called Strike 0-1: Ball 1-1: Fly out, F6 (Line Drive, 6M)
|
Top of the 6th over - 0 runs, 0 hits, 0 errors, 1 left on base; Valley 3 - Walla Walla 0 |
BOTTOM OF THE 6TH |
Walla Walla Walleye batting - Pitching for Valley Blue Sox : LHP Gao Mar
|
Batting: RHB Manny Moons
|
0-0: Swinging Strike 0-1: Fly out, F8 (Flyball, 8LD)
|
Batting: RHB Enrique Torres
|
0-0: Swinging Strike 0-1: Swinging Strike 0-2: Ground out 6-3 (Groundball, 6)
|
Batting: RHB Javier Vázquez
|
0-0: Ball 1-0: Ball 2-0: Called Strike 2-1: DOUBLE (Flyball, 78XD)
|
Batting: RHB William Morgan
|
0-0: Swinging Strike 0-1: Foul Ball, location: 2F 0-2: Ball 1-2: Foul Ball, location: 2F 1-2: Foul Ball, location: 2F 1-2: Ball 2-2: Foul Ball, location: 2F 2-2: TRIPLE (Line Drive, 8LXD) Javier Vázquez scores
|
Batting: RHB Germán Gracía
|
0-0: Ball 1-0: Foul Ball, location: 2F 1-1: Ball 2-1: Ground out 6-3 (Groundball, 6MS)
|
Bottom of the 6th over - 1 run, 2 hits, 0 errors, 1 left on base; Valley 3 - Walla Walla 1 |
TOP OF THE 7TH |
Valley Blue Sox batting - Pitching for Walla Walla Walleye : RHP Pepe Pereira
|
Batting: RHB Dallas Jiménez
|
0-0: Called Strike 0-1: Ball 1-1: Swinging Strike 1-2: Strikes out swinging, 2-3 out at first.
|
Batting: RHB Richard Trevithick
|
0-0: Called Strike 0-1: Foul Ball, location: 2F 0-2: Foul Ball, location: 2F 0-2: Foul Ball, location: 2F 0-2: Ball 1-2: Ball 2-2: Foul Ball, location: 2F 2-2: Fly out, F7 (Flyball, 7S)
|
Batting: LHB Matt McClendon
|
0-0: Called Strike 0-1: Called Strike 0-2: Foul Ball, location: 2F 0-2: Ball 1-2: Ball 2-2: Ball 3-2: Strikes out swinging
|
Top of the 7th over - 0 runs, 0 hits, 0 errors, 0 left on base; Valley 3 - Walla Walla 1 |
BOTTOM OF THE 7TH |
Walla Walla Walleye batting - Pitching for Valley Blue Sox : LHP Gao Mar
|
Batting: RHB Raúl Maradona
|
0-0: Foul Ball, location: 2F 0-1: Ball 1-1: Ball 2-1: Foul Ball, location: 2F 2-2: Strikes out looking
|
Batting: RHB Igme Samson
|
0-0: Ground out 6-3 (Groundball, 6M)
|
Batting: RHB Gustavo Ortíz
|
0-0: Swinging Strike 0-1: Fly out, F9 (Flyball, 89S)
|
Bottom of the 7th over - 0 runs, 0 hits, 0 errors, 0 left on base; Valley 3 - Walla Walla 1 |
TOP OF THE 8TH |
Valley Blue Sox batting - Pitching for Walla Walla Walleye : RHP Pepe Pereira
|
Pitching: RHP Jasper Jordan
|
|
Batting: SHB Donnie Magee
|
0-0: Called Strike 0-1: Ball 1-1: Foul Ball, location: 2F 1-2: Ball 2-2: Reached on error, E3 (Groundball, 2R)
|
Batting: LHB Walter Butler
|
0-0: Sac Bunt - play at first, batter OUT! 3-4 Donnie Magee to second
|
Batting: RHB Júlio Hernández
|
0-0: Ball 1-0: Swinging Strike 1-1: Swinging Strike 1-2: Ball 2-2: Fly out, F8 (Flyball, 78XD) Runner from 2nd tags up, SAFE at 3rd, no throw
|
Batting: RHB Jon Huband
|
0-0: Foul Ball, location: 2F 0-1: Called Strike 0-2: Ball 1-2: Foul Ball, location: 2F 1-2: Strikes out swinging
|
Top of the 8th over - 0 runs, 0 hits, 1 error, 1 left on base; Valley 3 - Walla Walla 1 |
BOTTOM OF THE 8TH |
Walla Walla Walleye batting - Pitching for Valley Blue Sox : LHP Gao Mar
|
Batting: RHB William Harper
|
0-0: Swinging Strike 0-1: Ball 1-1: Ball 2-1: Ball 3-1: Ground out 6-3 (Groundball, 56)
|
Batting: RHB Manny Moons
|
0-0: Ball 1-0: Ball 2-0: Ball 3-0: Called Strike 3-1: Called Strike 3-2: Base on Balls
|
Pitching: RHP Bligh Madris
|
|
Batting: RHB Enrique Torres
|
0-0: Ball 1-0: Fly out, F6 (Popup, P)
|
Batting: RHB Javier Vázquez
|
0-0: Ball 1-0: SINGLE (Groundball, 56D) Manny Moons to second
|
Pinch Hitting: LHB Andrés Rodríguez
|
0-0: Ball 1-0: Ball 2-0: Called Strike 2-1: Fly out, F8 (Flyball, 8LS)
|
Bottom of the 8th over - 0 runs, 1 hit, 0 errors, 2 left on base; Valley 3 - Walla Walla 1 |
TOP OF THE 9TH |
Valley Blue Sox batting - Pitching for Walla Walla Walleye : RHP Jasper Jordan
|
Now at SS: Isagani Gorre
|
|
Batting: RHB Jeff Fox
|
0-0: Called Strike 0-1: Swinging Strike 0-2: Foul Ball, location: 2F 0-2: Strikes out swinging
|
Batting: RHB Grady Harris
|
0-0: Called Strike 0-1: Swinging Strike 0-2: Ball 1-2: Ball 2-2: Strikes out swinging
|
Batting: RHB Dallas Jiménez
|
0-0: Ball 1-0: Ball 2-0: Ball 3-0: Base on Balls
|
Batting: RHB Richard Trevithick
|
0-0: Called Strike 0-1: Ball 1-1: Fielders Choice at 2nd, 5-4 (Groundball, 5)
|
Top of the 9th over - 0 runs, 0 hits, 0 errors, 1 left on base; Valley 3 - Walla Walla 1 |
BOTTOM OF THE 9TH |
Walla Walla Walleye batting - Pitching for Valley Blue Sox : RHP Bligh Madris
|
Pitching: RHP Hans Rager
|
|
Now in CF: Cisco Beltrán
|
|
Batting: RHB Germán Gracía
|
0-0: Called Strike 0-1: Ball 1-1: Swinging Strike 1-2: Foul Ball, location: 2F 1-2: Strikes out swinging
|
Batting: RHB Raúl Maradona
|
0-0: Foul Ball, location: 2F 0-1: Swinging Strike 0-2: Ball 1-2: Ball 2-2: Strikes out swinging, 2-3 out at first.
|
Batting: RHB Igme Samson
|
0-0: Ball 1-0: Ball 2-0: Ball 3-0: Base on Balls
|
Pinch Hitting: SHB Milojica Kordic
|
0-0: Fielders Choice at 2nd, 6-4 (Groundball, 6)
|
Bottom of the 9th over - 0 runs, 0 hits, 0 errors, 1 left on base; Valley 3 - Walla Walla 1 |
|